 Dungeon Crawl Stone Soup version 0.27-a0-1196-g3e9cee4cb2 (webtiles) character file.

Game seed: 8209295512985579937

404 Alter the Shield-Bearer (level 6, -2/39 HPs)
             Began as a Gargoyle Fighter on May 28, 2021.
             Slain by Edmund
             ... wielding a +3 vorpal dire flail
              (15 damage)
             ... on level 5 of the Dungeon.
             The game lasted 00:13:52 (4366 turns).

Alter the Shield-Bearer (Gargoyle Fighter)          Turns: 4366, Time: 00:13:52

Health: -2/39      AC:  2    Str: 19      XL:     6   Next: 86%
Magic:  0/5        EV:  8    Int:  6 (9)  God:
Gold:   190        SH:  9    Dex: 11      Spells: 5/5 levels left

rFire    . . .     SeeInvis .   a - +0 flail
rCold    + . .     Faith    .   c - +0 kite shield
rNeg     + . .     Spirit   +   k - +2 ring mail {rC+}
rPois    ∞         Reflect  .   d - +0 helmet
rElec    +         Harm     .   n - +0 cloak
rCorr    .         Rampage  .   (no gloves)
Will     .....                  (no boots)
Stlth    ++........             f - amulet of guardian spirit
HPRegen  0.13/turn              (no ring)
MPRegen  0.09/turn              (no ring)

@: corroded
A: sickness immunity, AC +4, negative energy resistance 1, electricity
resistance, torment resistance 1, petrification resistance, thin skeletal
structure 1, low mp 1, weak 1
a: no special abilities


You were on level 5 of the Dungeon.
You visited 1 branch of the dungeon, and saw 5 of its levels.

You collected 190 gold pieces.

Inventory:

Hand Weapons
 a - a +0 flail (weapon)
 g - a +4 quarterstaff of chaos
 i - a +3 hand axe of electrocution
Missiles
 h - 3 javelins
 m - 5 atropa-tipped darts (quivered)
Armour
 b - a +0 scale mail
 c - a +0 kite shield (worn)
 d - a +0 helmet (worn)
 k - a +2 ring mail of cold resistance (worn)
 n - a +0 cloak (worn)
Jewellery
 f - an amulet of guardian spirit (around neck)
Wands
 l - a wand of digging (3)
Potions
 e - a potion of magic
 j - a potion of brilliance


   Skills:
 + Level 4.3 Fighting
 + Level 4.5 Maces & Flails
 + Level 4.6 Armour
 + Level 1.2 Dodging
 + Level 4.7 Shields


You had 5 spell levels left.
You didn't know any spells.
Your spell library was empty.

Dungeon Overview and Level Annotations

Branches:
Dungeon (5/15)
 Temple: D:4-7

Altars:

Annotations:
D:5 Edmund


Innate Abilities, Weirdness & Mutations

You are immune to sickness and miasma.
Your stone body is resilient. (AC +4)
You are immune to poison.
You resist negative energy. (rN+)
You are resistant to electric shocks. (rElec)
You are resistant to unholy torment.
You are immune to petrification.
You have a somewhat thin skeletal structure. (Dex +2, Stealth+)
Your magical capacity is low. (-10% MP)
You are weak. (Str -2)


Message History

The ufetubus barely misses you. You block the ufetubus's attack. x2
The ufetubus barely misses you. The ufetubus closely misses you.
The ufetubus barely misses you.
Found a stone staircase leading down.
You miss the ufetubus. You block the ufetubus's attack. The ufetubus hits you.
You block the ufetubus's attack. x2; The ufetubus barely misses you.
You block the ufetubus's attack.
You closely miss the ufetubus. The ufetubus hits you.
The ufetubus closely misses you. x2; The ufetubus hits you.
* * * LOW HITPOINT WARNING * * *
You hit the ufetubus but do no damage. The ufetubus barely misses you.
You block the ufetubus's attack. x2; The ufetubus hits you.
* * * LOW HITPOINT WARNING * * *
You hit the ufetubus but do no damage. The ufetubus hits you.
* * * LOW HITPOINT WARNING * * *
The ufetubus hits you but does no damage.
The ufetubus completely misses you. The ufetubus closely misses you.
You sock the ufetubus!
You kill the ufetubus!
You now have 190 gold pieces (gained 15).
Okay, then.
A hound comes into view.
You hear the slow rusting of a distant drain.
Edmund the Younger comes into view.
He is wielding a +3 vorpal dire flail.
Edmund shouts!
Found a potion of curing.
Found a scroll of identify.
Edmund says, "Everyone always remembers my brother. 'Who's Edmund?' they ask!"
You block Edmund's attack.
Found 14 gold pieces.
Found a stone staircase leading down.
Found a stone staircase leading up.
Found 12 gold pieces.
Edmund hits you with a +3 vorpal dire flail.
* * * LOW HITPOINT WARNING * * *
x2 You see here a potion of curing.
o - a potion of curing Edmund hits you with a +3 vorpal dire flail.
You feel better.
Edmund hits you with a +3 vorpal dire flail!
You die...

*,,,,***,**,,,***,,,,,***,,_,,**
,,,,,***.##.,..*,*,.#** *,,,,,*
,,*****.....##..,*#.#**#*,,,,,*
,**,,,.........#,#..##..,,,,,,*
,,#............#,...<...,,,,,**
.h.............#,.......,,,,** *
...............##....$..,,,,*****
...................$....,,,,,,,,,
..#.......#.....@....#,*,,,,,,,,,
..........#....@.......#,,,,,,,,,
........................,,,,,,,,,
........................*,,,,,,,,
#..#..#..#.........>....*,,,,,***
..#..#..#..#......###...,**,,****
.#..#..#..#.......?#*...,,,,,,**,
#..#..#..#.........#,,..,**,,**,,
..#..#..#..#.....#...,,,,,*,,*,,,


You could see Edmund.

Vanquished Creatures
  A water moccasin skeleton (D:4)
  2 jellies
  Crazy Yiuf (D:4)
  An orc priest (D:3)
  A hound (D:5)
  Jessica (D:2)
  Natasha (twice) (D:4)
  4 adders
  An ufetubus (D:5)
  A worm (D:2)
  2 dart slugs
  8 orcs
  3 ball pythons
  2 bats
  8 endoplasms
  5 giant cockroaches
  6 goblins
  5 hobgoblins
  6 jackals (D:1)
  2 kobolds
  3 quokkas
  2 frilled lizards
  5 rats
72 creatures vanquished.

Vanquished Creatures (collateral kills)
  A worm (D:4)
1 creature vanquished.

Vanquished Creatures (others)
  4 demonic plants (D:2)
4 creatures vanquished.

Grand Total: 77 creatures vanquished

Notes
Turn   | Place    | Note
-------+----------+-------------------------------------------
     0 | D:1      | Alter the Gargoyle Fighter began the quest for the Orb.
     0 | D:1      | Reached XP level 1. HP: 14/14 MP: 1/1
     1 | D:1      | Noticed an electric eel
    63 | D:1      | Reached XP level 2. HP: 10/19 MP: 2/2
    81 | D:1      | Gained mutation: Your magical capacity is low. (-10% MP)
                  | [potion of mutation]
    81 | D:1      | Gained mutation: You have a somewhat thin skeletal
                  | structure. (Dex +2, Stealth+) [potion of mutation]
    81 | D:1      | Gained mutation: You are weak. (Str -2) [potion of
                  | mutation]
   640 | D:2      | Found a faded altar of an unknown god.
   722 | D:2      | Reached XP level 3. HP: 24/24 MP: 2/2
  1225 | D:2      | Noticed Jessica
  1227 | D:2      | Killed Jessica
  1228 | D:2      | Reached XP level 4. HP: 29/29 MP: 3/3
  2459 | D:3      | Reached XP level 5. HP: 4/33 MP: 0/4
  3063 | D:4      | Noticed Natasha
  3079 | D:4      | Killed Natasha
  3080 | D:4      | Reached skill level 1 in Dodging
  3611 | D:4      | Reached XP level 6. HP: 31/38 MP: 3/5
  3925 | D:4      | Found a runed translucent door.
  3926 | D:4      | Noticed Crazy Yiuf
  3962 | D:4      | Noticed Natasha
  3971 | D:4      | Killed Natasha
  4130 | D:4      | Killed Crazy Yiuf
  4312 | D:5      | Entered Level 5 of the Dungeon
  4357 | D:5      | Noticed Edmund
  4366 | D:5      | Slain by Edmund

Illustrated notes

Levels and vault maps discovered:
D:1:      arrival_aquarium_a, layout_rooms, minmay_strange_pillars
D:2:      layout_basic, shapermc_ecumenical_altar_gd, uniq_jessica
D:3:      layout_loops_ring, guppyfry_early_orc_mine
D:4:      layout_rooms, uniq_crazy_yiuf_cottage, uniq_natasha
D:5:      layout_cave_pools, lemuel_crystal_altar,
          chequers_temple_overflow_statue_of_worship, portal_sewer_entry_d,
          minmay_misc_feat_diagonals, minmay_crystal_room, uniq_edmund

Skill      XL: |  1  2  3  4  5  6 |
---------------+-------------------+-----
Shields        | 4 |  4.7
Maces & Flails | 3 4 |  4.5
Armour         | 4 |  4.6
Fighting       | 4 |  4.3
Dodging        | 1 |  1.2

Action                   |  1- 3 |  4- 6 || total
-------------------------+-------+-------++-------
Melee: Flail             |    89 |   176 ||   265
Throw: Dart              |       |     1 ||     1
  Use: Potion            |     1 |     7 ||     8
       Scroll            |       |     7 ||     7
 Stab: Invisible         |       |     1 ||     1
Armor: Scale mail        |    59 |    79 ||   138
       Ring mail         |       |     6 ||     6
Dodge: Dodged            |    35 |    78 ||   113
Block: Kite shield       |    73 |   114 ||   187

Table legend: (Time is in decaauts)
 A = Elapsed time spent in this place.
 B = Non-inter-level travel time spent in this place.
 C = Inter-level travel time spent in this place.
 D = Time resting spent in this place.
 E = Time spent auto-exploring this place.
 F = Levels seen in this place.
 G = Mean time per level.
                   A        B        C        D        E       F      G
               +--------+--------+--------+--------+--------+-----+--------+
         Total |   4511 |   4511 |      0 |    899 |   2024 |   5 |  902.2 |
       Dungeon |   4511 |   4511 |      0 |    899 |   2024 |   5 |  902.2 |
               +--------+--------+--------+--------+--------+-----+--------+

Top non-repeatable levels by time:
     D:4: 1319 daAuts
     D:3: 1283 daAuts
     D:2: 1200 daAuts
     D:1: 647 daAuts
     D:5: 60 daAuts
